Kings vs Golden Knights
Created - January 26, 2021 at 19:21
Goals
|
| Kings |
1 |
0 |
1 |
2 |
| Golden Knights |
1 |
0 |
0 |
1 |
|
Shots
|
| Kings |
9 |
6 |
16 |
31 |
| Golden Knights |
12 |
10 |
10 |
32 |
|
1st period
1. Golden Knights , Andrei Loktionov 18 (Michael Frolik 25) at 5:49
2. Kings , Gabriel Landeskog 13 (Anze Kopitar 28, Colton Parayko 10) at 16:38
Penalties :
Patrice Cormier (Vgs) for Roughing (Minor) at 14:28, Vitaly Vishnevsky (LAK) for High sticking (Minor) at 17:04
2nd period
No Goal
Penalties :
Matt Stajan (Vgs) for Holding (Minor) at 2:15, Vitaly Vishnevsky (LAK) for Holding (Minor) at 15:58
3rd period
3. Kings , Gustav Nyquist 6 (Eric Nystrom 7, Gabriel Landeskog 24) at 8:47
Penalties :
Andrei Loktionov (Vgs) for Hooking (Minor) at 0:22, Mathew Dumba (Vgs) for Slashing (Minor) at 6:41, Gustav Nyquist (LAK) for Hooking (Minor) at 9:09, Zach Bogosian (Vgs) for Holding (Minor) at 12:56, Shawn Matthias (Vgs) for High sticking (Minor) at 16:43, Travis Hamonic (LAK) for Tripping (Minor) at 19:58
Goalie Stats
Tuukka Rask (LAK), 31 saves from 32 shots - (0.969), W, 13-8-3, 60:00 minutes
Ondrej Pavelec (Vgs), 29 saves from 31 shots - (0.935), L, 19-12-4, 59:15 minutes
Players Stats for Kings
Player Name G A P +/- PIM S H SB GA TA FO MP PP MP PK MP
------------------------------------------------------------------------------------
Anze Kopitar 0 1 1 1 0 7 2 0 0 0 24/37 24:11 7:59 2:42
Blake Wheeler 0 0 0 -1 0 1 5 0 0 1 0/1 16:47 3:55 0:09
Colton Parayko 0 1 1 0 0 1 2 0 2 0 0/0 28:19 8:48 3:14
David Pastrnak 0 0 0 0 0 1 0 0 0 0 0/0 5:40 0:00 0:00
Eric Nystrom 0 1 1 1 0 1 2 0 0 1 0/0 11:20 0:00 1:12
Gabriel Landeskog 1 1 2 1 0 2 0 0 2 0 0/0 23:35 7:59 2:06
Gustav Nyquist 1 0 1 1 2 5 2 0 0 0 1/1 11:26 0:00 1:14
Joni Pitkanen 0 0 0 0 0 0 1 1 0 2 0/0 19:59 3:06 2:35
Jordan Eberle 0 0 0 1 0 2 4 0 1 1 2/5 24:15 7:59 2:37
Linus Omark 0 0 0 0 0 0 0 0 0 1 0/0 5:40 0:00 0:00
Logan Couture 0 0 0 -1 0 3 1 2 0 0 6/9 16:36 3:55 0:00
Nathan MacKinnon 0 0 0 1 0 0 1 1 0 1 4/8 10:04 0:00 0:00
Sergey Kalinin 0 0 0 0 0 1 1 0 0 0 1/2 7:08 0:00 1:15
Thomas Vanek 0 0 0 -1 0 2 1 0 1 0 0/2 17:26 3:55 0:50
Torey Krug 0 0 0 1 0 2 0 1 0 1 0/0 11:42 0:00 0:09
Travis Hamonic 0 0 0 0 2 1 1 0 0 0 0/0 28:17 8:48 3:13
Victor Hedman 0 0 0 0 0 0 0 3 1 2 0/0 19:59 3:06 2:35
Vitaly Vishnevsky 0 0 0 1 4 2 0 3 0 0 0/0 11:34 0:00 0:01
Players Stats for Golden Knights
Player Name G A P +/- PIM S H SB GA TA FO MP PP MP PK MP
------------------------------------------------------------------------------------
Andrei Loktionov 1 0 1 1 2 3 3 2 2 0 5/16 17:32 3:01 0:00
Chris Higgins 0 0 0 0 0 1 1 0 0 0 0/0 10:52 0:00 0:00
Chris Tierney 0 0 0 -1 0 1 2 0 0 1 9/21 17:41 0:00 6:24
Ilya Kovalchuk 0 0 0 0 0 2 2 1 0 1 0/2 21:53 2:57 5:43
Jared Cowen 0 0 0 -1 0 1 1 3 2 1 0/0 23:43 3:00 6:15
Mathew Dumba 0 0 0 0 2 2 1 1 0 1 0/0 23:01 2:58 4:49
Matt Stajan 0 0 0 -1 2 2 4 1 1 1 8/16 13:48 2:57 0:22
Michael Frolik 0 1 1 1 0 4 1 0 0 0 0/1 17:04 3:01 0:00
Michael Kostka 0 0 0 -1 0 1 0 0 2 1 0/0 18:10 0:00 5:48
Patrice Cormier 0 0 0 -1 2 1 2 2 0 0 3/4 12:01 0:00 4:35
Sergei Plotnikov 0 0 0 -1 0 0 2 0 0 0 0/0 4:50 3:01 0:27
Shawn Matthias 0 0 0 0 2 2 0 0 0 0 1/4 15:14 0:00 0:33
Steve Bernier 0 0 0 0 0 1 0 0 0 0 0/0 6:13 0:00 0:00
Vladimir Mihalik 0 0 0 -1 0 0 0 1 1 1 0/0 13:01 0:00 0:50
Vladimir Zharkov 0 0 0 0 0 2 1 0 0 0 0/0 13:15 2:57 0:00
Wayne Simmonds 0 0 0 0 0 4 2 0 1 0 1/1 17:17 0:00 5:44
Wes O'Neill 0 0 0 -1 0 2 0 2 0 0 0/0 23:46 3:00 6:06
Zach Bogosian 0 0 0 1 2 3 2 0 1 0 0/0 18:39 2:58 0:00
3 Stars
1 - Tuukka Rask (LAK)
2 - Gabriel Landeskog (LAK)
3 - Andrei Loktionov (Vgs)
Power Play
Kings - 0 on 6 Attempt(s) - 0.00%
Golden Knights - 0 on 4 Attempt(s) - 0.00%
Penalty Kill
Kings - 4 on 4 Attempt(s) - 100.00%
- Score 0 goal in Penalty Kill
Golden Knights - 6 on 6 Attempt(s) - 100.00%
- Score 0 goal in Penalty Kill
Team Stat
Kings - Hits : 23 - Faceoff Wins : 38 - Blocked Shots : 11 - Penalty Minutes : 8
Golden Knights - Hits : 24 - Faceoff Wins : 27 - Blocked Shots : 13 - Penalty Minutes : 12
Official
Referees : Unknown
Linesman : Unknown
Game Notes
No Game Note
Finance
Level 1 -- Attendance: 6000 (100.00%) -- Ticket Income $558,000
Level 2 -- Attendance: 5000 (100.00%) -- Ticket Income $295,000
Level 3 -- Attendance: 1805 (90.25%) -- Ticket Income $70,395
Level 4 -- Attendance: 3919 (97.98%) -- Ticket Income $105,813
Luxury Box -- Attendance: 1000 (100.00%) -- Ticket Income $160,000
Game was played at the Duff Garden.
Total Attendance: 17724 (98.47%)
Total Ticket Income: $1,189,208
Other Income: $178,381
Total Income: $1,367,589
Kings
5 vs 5 Forward
Center Left Wing Right Wing Time % Phy DF OF
1 Anze Kopitar Gabriel Landeskog Jordan Eberle 40 1 2 2
2 Logan Couture Thomas Vanek Blake Wheeler 30 1 2 2
3 Nathan MacKinnon Eric Nystrom Gustav Nyquist 20 1 2 2
4 Sergey Kalinin Linus Omark David Pastrnak 10 1 2 2
5 vs 5 Defense
Defense Defense Time % Phy DF OF
1 Travis Hamonic Colton Parayko 40 1 2 2
2 Victor Hedman Joni Pitkanen 30 1 2 2
3 Torey Krug Vitaly Vishnevsky 20 1 2 2
4 Travis Hamonic Colton Parayko 10 1 2 2
PowerPlay Forward
Center Left Wing Right Wing Time % Phy DF OF
1 Anze Kopitar Gabriel Landeskog Jordan Eberle 60 1 2 2
2 Logan Couture Thomas Vanek Blake Wheeler 40 1 2 2
PowerPlay Defense
Defense Defense Time % Phy DF OF
1 Travis Hamonic Colton Parayko 60 1 2 2
2 Victor Hedman Joni Pitkanen 40 1 2 2
Penalty Kill 4 Players Forward
Center Wing Time % Phy DF OF
1 Anze Kopitar Jordan Eberle 60 1 2 2
2 Gabriel Landeskog Thomas Vanek 40 1 2 2
Penalty Kill 4 Players Defense
Defense Defense Time % Phy DF OF
1 Travis Hamonic Colton Parayko 60 1 2 2
2 Victor Hedman Joni Pitkanen 40 1 2 2
Penalty Kill - 3 Players Forward
Forward Time % Phy DF OF
1 Anze Kopitar 60 1 2 2
2 Jordan Eberle 40 1 2 2
Penalty Kill - 3 Players Defense
Defense Defense Time % Phy DF OF
1 Travis Hamonic Colton Parayko 60 1 2 2
2 Victor Hedman Joni Pitkanen 40 1 2 2
4 vs 4 Forward
Center Wing Time % Phy DF OF
1 Anze Kopitar Jordan Eberle 60 1 2 2
2 Gabriel Landeskog Thomas Vanek 40 1 2 2
4 vs 4 Defense
Defense Defense Time % Phy DF OF
1 Travis Hamonic Colton Parayko 60 1 2 2
2 Victor Hedman Joni Pitkanen 40 1 2 2
Last Minutes Offensive
Center Left Wing Right Wing Defense Defense
Anze Kopitar Gabriel Landeskog Jordan Eberle Travis Hamonic Colton Parayko
Last Minutes Defensive
Center Left Wing Right Wing Defense Defense
Anze Kopitar Gabriel Landeskog Jordan Eberle Travis Hamonic Colton Parayko
Goaltenders
Starting : Tuukka Rask
Backup : Tyler Weiman
Extra Forwards
Normal : Eric Nystrom, Linus Omark, Gustav Nyquist - PP : Eric Nystrom, Linus Omark - PK : Gustav Nyquist
Extra Defensemen
Normal : Torey Krug, Vitaly Vishnevsky, Victor Hedman - PP : Torey Krug - PK : Vitaly Vishnevsky, Victor Hedman
Penalty Shots
Anze Kopitar, Jordan Eberle, Gabriel Landeskog, Thomas Vanek, Logan Couture
Scratches
Andy Andreoff (Healthy), Olli Maatta (Healthy)
Golden Knights
5 vs 5 Forward
Center Left Wing Right Wing Time % Phy DF OF
1 Andrei Loktionov Ilya Kovalchuk Michael Frolik 33 1 2 2
2 Matt Stajan Shawn Matthias Vladimir Zharkov 26 1 2 2
3 Chris Tierney Chris Higgins Wayne Simmonds 26 1 2 2
4 Patrice Cormier Shawn Matthias Steve Bernier 15 1 2 2
5 vs 5 Defense
Defense Defense Time % Phy DF OF
1 Zach Bogosian Mathew Dumba 35 1 2 2
2 Wes O'Neill Jared Cowen 35 1 2 2
3 Vladimir Mihalik Michael Kostka 30 1 2 2
4 Zach Bogosian Jared Cowen 0 1 2 2
PowerPlay Forward
Center Left Wing Right Wing Time % Phy DF OF
1 Andrei Loktionov Sergei Plotnikov Michael Frolik 50 1 2 2
2 Matt Stajan Ilya Kovalchuk Vladimir Zharkov 50 1 2 2
PowerPlay Defense
Defense Defense Time % Phy DF OF
1 Zach Bogosian Mathew Dumba 50 1 2 2
2 Wes O'Neill Jared Cowen 50 1 2 2
Penalty Kill 4 Players Forward
Center Wing Time % Phy DF OF
1 Chris Tierney Ilya Kovalchuk 50 1 2 2
2 Patrice Cormier Wayne Simmonds 50 1 2 2
Penalty Kill 4 Players Defense
Defense Defense Time % Phy DF OF
1 Wes O'Neill Jared Cowen 50 1 2 2
2 Michael Kostka Mathew Dumba 50 1 2 2
Penalty Kill - 3 Players Forward
Forward Time % Phy DF OF
1 Ilya Kovalchuk 60 1 2 2
2 Chris Higgins 40 1 2 2
Penalty Kill - 3 Players Defense
Defense Defense Time % Phy DF OF
1 Vladimir Mihalik Jared Cowen 69 1 2 2
2 Michael Kostka Wes O'Neill 31 1 2 2
4 vs 4 Forward
Center Wing Time % Phy DF OF
1 Andrei Loktionov Steve Bernier 60 1 2 2
2 Matt Stajan Sergei Plotnikov 40 1 2 2
4 vs 4 Defense
Defense Defense Time % Phy DF OF
1 Zach Bogosian Michael Kostka 60 1 2 2
2 Vladimir Mihalik Jared Cowen 40 1 2 2
Last Minutes Offensive
Center Left Wing Right Wing Defense Defense
Andrei Loktionov Sergei Plotnikov Michael Frolik Zach Bogosian Wes O'Neill
Last Minutes Defensive
Center Left Wing Right Wing Defense Defense
Matt Stajan Ilya Kovalchuk Michael Frolik Michael Kostka Jared Cowen
Goaltenders
Starting : Ondrej Pavelec
Backup : Matt Hackett
Extra Forwards
Normal : Patrice Cormier, Steve Bernier, Shawn Matthias - PP : Patrice Cormier, Steve Bernier - PK : Shawn Matthias
Extra Defensemen
Normal : Vladimir Mihalik, Wes O'Neill, Michael Kostka - PP : Vladimir Mihalik - PK : Wes O'Neill, Michael Kostka
Penalty Shots
Michael Frolik, Ilya Kovalchuk, Andrei Loktionov, Matt Stajan, Wayne Simmonds
Scratches
None
% Time on Ice - Kings
Lines # - Real PCT - Wanted PCT - Time Play
Normal Forward
1 - 32% - 40% - 13:22
2 - 30% - 30% - 12:41
3 - 24% - 20% - 10:04
4 - 14% - 10% - 5:40
Normal Defense
1 - 34% - 40% - 14:10
2 - 34% - 30% - 14:18
3 - 28% - 20% - 11:31
4 - 4% - 10% - 1:48
PP Forward
1 - 67% - 60% - 7:59
2 - 33% - 40% - 3:55
PP Defense
1 - 74% - 60% - 8:48
2 - 26% - 40% - 3:06
PK Forward
1 - 86% - 60% - 5:08
2 - 14% - 40% - 0:50
PK Defense
1 - 57% - 60% - 3:23
2 - 43% - 40% - 2:35
PK3 Forward
1 - 0% - 60%
2 - 0% - 40%
PK3 Defense
1 - 0% - 60%
2 - 0% - 40%
44 Forward
1 - 0% - 60%
2 - 0% - 40%
44 Defense
1 - 0% - 60%
2 - 0% - 40%
Last Minute Offensive - 0:00
Last Minute Defensive - 0:21
Total
Forward - 60:00
Defense - 60:00
|
% Time on Ice - Golden Knights
Lines # - Real PCT - Wanted PCT - Time Play
Normal Forward
1 - 32% - 33% - 13:13
2 - 27% - 26% - 11:17
3 - 26% - 26% - 10:52
4 - 14% - 15% - 5:48
Normal Defense
1 - 35% - 35% - 14:16
2 - 35% - 35% - 14:19
3 - 29% - 30% - 12:04
4 - 1% - 0% - 0:31
PP Forward
1 - 51% - 50% - 3:01
2 - 49% - 50% - 2:57
PP Defense
1 - 50% - 50% - 2:58
2 - 50% - 50% - 3:00
PK Forward
1 - 48% - 50% - 5:43
2 - 52% - 50% - 6:11
PK Defense
1 - 49% - 50% - 5:50
2 - 51% - 50% - 6:04
PK3 Forward
1 - 0% - 60%
2 - 0% - 40%
PK3 Defense
1 - 0% - 69%
2 - 0% - 31%
44 Forward
1 - 0% - 60%
2 - 0% - 40%
44 Defense
1 - 0% - 60%
2 - 0% - 40%
Last Minute Offensive - 0:58
Last Minute Defensive - 0:00
Total
Forward - 60:00
Defense - 60:00
|
Play-by-Play
1st period
0:01 of 1st period - Anze Kopitar wins face-off versus Andrei Loktionov in neutral zone.
0:35 of 1st period - Snap shot by Matt Stajan.
0:35 of 1st period - Stopped by Tuukka Rask without a rebound.
0:36 of 1st period - Nathan MacKinnon wins face-off versus Chris Tierney in Kings zone.
0:40 of 1st period - Off-side.
0:41 of 1st period - Chris Tierney wins face-off versus Nathan MacKinnon in neutral zone.
1:12 of 1st period - Snap shot by David Pastrnak.
1:12 of 1st period - Stopped by Ondrej Pavelec with a rebound.
2:00 of 1st period - Snap shot by Gabriel Landeskog.
2:00 of 1st period - Deflect By Anze Kopitar.
2:00 of 1st period - Shot Misses the Net.
2:00 of 1st period - Puck is out of play.
2:01 of 1st period - Chris Tierney wins face-off versus Anze Kopitar in Golden Knights zone.
2:26 of 1st period - Colton Parayko is hit by Zach Bogosian and loses puck.
2:37 of 1st period - Slapshot by Michael Frolik.
2:37 of 1st period - Deflect By Travis Hamonic.
2:37 of 1st period - Stopped by Tuukka Rask without a rebound.
2:38 of 1st period - Matt Stajan wins face-off versus Anze Kopitar in Kings zone.
2:41 of 1st period - Wrist shot by Shawn Matthias.
2:41 of 1st period - Stopped by Tuukka Rask with a rebound.
2:47 of 1st period - Backhand shot by Vladimir Zharkov.
2:47 of 1st period - Stopped by Tuukka Rask with a rebound.
2:53 of 1st period - Slapshot by Jared Cowen.
2:53 of 1st period - Deflect By Matt Stajan.
2:53 of 1st period - Shot Blocked by Vitaly Vishnevsky.
2:53 of 1st period - Puck is out of play.
2:54 of 1st period - Nathan MacKinnon wins face-off versus Chris Tierney in Kings zone.
3:11 of 1st period - Snap shot by Nathan MacKinnon.
3:11 of 1st period - Shot Misses the Net.
3:33 of 1st period - Snap shot by Thomas Vanek.
3:33 of 1st period - Shot Blocked by Patrice Cormier.
3:35 of 1st period - Backhand shot by Travis Hamonic.
3:35 of 1st period - Stopped by Ondrej Pavelec with a rebound.
3:37 of 1st period - Backhand shot by Colton Parayko.
3:37 of 1st period - Shot Blocked by Vladimir Mihalik.
3:47 of 1st period - Torey Krug is hit by Andrei Loktionov and loses puck.
4:48 of 1st period - Wrist shot by Andrei Loktionov.
4:48 of 1st period - Shot Misses the Net.
5:00 of 1st period - Patrice Cormier is hit by Jordan Eberle and loses puck.
5:26 of 1st period - Travis Hamonic is hit by Mathew Dumba and loses puck.
5:44 of 1st period - Travis Hamonic is hit by Michael Frolik and loses puck.
5:49 of 1st period - Wrist shot by Andrei Loktionov.
5:49 of 1st period - Goal by Andrei Loktionov - Kings : 0 - Golden Knights : 1.
5:50 of 1st period - Anze Kopitar wins face-off versus Matt Stajan in neutral zone.
6:07 of 1st period - Slapshot by Anze Kopitar.
6:07 of 1st period - Stopped by Ondrej Pavelec without a rebound.
6:08 of 1st period - Andrei Loktionov wins face-off versus Thomas Vanek in Golden Knights zone.
7:05 of 1st period - Wrist shot by Wayne Simmonds.
7:05 of 1st period - Stopped by Tuukka Rask without a rebound.
7:06 of 1st period - Logan Couture wins face-off versus Chris Tierney in Kings zone.
7:21 of 1st period - Wrist shot by Chris Higgins.
7:21 of 1st period - Shot Blocked by Logan Couture.
7:29 of 1st period - Jordan Eberle is hit by Wayne Simmonds and loses puck.
7:50 of 1st period - Snap shot by Chris Higgins.
7:50 of 1st period - Shot Misses the Net.
7:52 of 1st period - Snap shot by Zach Bogosian.
7:52 of 1st period - Shot Misses the Net.
7:54 of 1st period - Snap shot by Wayne Simmonds.
7:54 of 1st period - Deflect By Joni Pitkanen.
7:54 of 1st period - Stopped by Tuukka Rask with a rebound.
7:56 of 1st period - Slapshot by Mathew Dumba.
7:56 of 1st period - Stopped by Tuukka Rask without a rebound.
7:57 of 1st period - Anze Kopitar wins face-off versus Ilya Kovalchuk in Kings zone.
8:08 of 1st period - Snap shot by Michael Frolik.
8:08 of 1st period - Deflect By Ilya Kovalchuk.
8:08 of 1st period - Deflect By Anze Kopitar.
8:08 of 1st period - Stopped by Tuukka Rask with a rebound.
8:11 of 1st period - Icing by Travis Hamonic.
8:12 of 1st period - Anze Kopitar wins face-off versus Matt Stajan in Kings zone.
8:23 of 1st period - Wes O'Neill is hit by Anze Kopitar and loses puck.
8:30 of 1st period - Snap shot by Anze Kopitar.
8:30 of 1st period - Stopped by Ondrej Pavelec without a rebound.
8:31 of 1st period - Logan Couture wins face-off versus Ilya Kovalchuk in Golden Knights zone.
8:40 of 1st period - Slapshot by Logan Couture.
8:40 of 1st period - Shot Misses the Net.
8:58 of 1st period - Vladimir Mihalik is hit by Gustav Nyquist and loses puck.
9:45 of 1st period - Snap shot by Michael Frolik.
9:45 of 1st period - Deflect By Ilya Kovalchuk.
9:45 of 1st period - Stopped by Tuukka Rask with a rebound.
9:47 of 1st period - Snap shot by Andrei Loktionov.
9:47 of 1st period - Stopped by Tuukka Rask without a rebound.
9:48 of 1st period - Shawn Matthias wins face-off versus Logan Couture in Kings zone.
11:04 of 1st period - Snap shot by Chris Higgins.
11:04 of 1st period - Stopped by Tuukka Rask with a rebound.
11:16 of 1st period - Mathew Dumba is hit by Blake Wheeler.
11:17 of 1st period - Icing by Mathew Dumba.
11:18 of 1st period - Logan Couture wins face-off versus Andrei Loktionov in Golden Knights zone.
11:21 of 1st period - Wrist shot by Logan Couture.
11:21 of 1st period - Stopped by Ondrej Pavelec with a rebound.
12:04 of 1st period - Joni Pitkanen is hit by Andrei Loktionov and loses puck.
12:23 of 1st period - Snap shot by Michael Frolik.
12:23 of 1st period - Shot Blocked by Victor Hedman.
13:04 of 1st period - Off-side.
13:05 of 1st period - Anze Kopitar wins face-off versus Shawn Matthias in neutral zone.
13:30 of 1st period - Anze Kopitar is hit by Chris Tierney and loses puck.
13:51 of 1st period - Shawn Matthias is hit by Eric Nystrom and loses puck.
14:00 of 1st period - Slapshot by Nathan MacKinnon.
14:00 of 1st period - Shot Blocked by Patrice Cormier.
14:14 of 1st period - Snap shot by Sergey Kalinin.
14:14 of 1st period - Stopped by Ondrej Pavelec with a rebound.
14:28 of 1st period - Minor Penalty to Patrice Cormier for Roughing.
14:29 of 1st period - Chris Tierney wins face-off versus Jordan Eberle in Golden Knights zone.
14:59 of 1st period - Michael Kostka is hit by Jordan Eberle and loses puck.
15:48 of 1st period - Travis Hamonic is hit by Ilya Kovalchuk and loses puck.
15:55 of 1st period - Jared Cowen is hit by Colton Parayko and loses puck.
16:12 of 1st period - Wrist shot by Jordan Eberle.
16:12 of 1st period - Deflect By Gabriel Landeskog.
16:12 of 1st period - Stopped by Ondrej Pavelec with a rebound.
16:14 of 1st period - Slapshot by Colton Parayko.
16:14 of 1st period - Shot Misses the Net.
16:28 of 1st period - Penalty to Patrice Cormier is over, Patrice Cormier is back on ice.
16:28 of 1st period - Snap shot by Anze Kopitar.
16:28 of 1st period - Shot Blocked by Matt Stajan.
16:30 of 1st period - Wrist shot by Jordan Eberle.
16:30 of 1st period - Shot Blocked by Jared Cowen.
16:32 of 1st period - Backhand shot by Gabriel Landeskog.
16:32 of 1st period - Shot Misses the Net.
16:34 of 1st period - Slapshot by Colton Parayko.
16:34 of 1st period - Shot Blocked by Jared Cowen.
16:36 of 1st period - Wrist shot by Anze Kopitar.
16:36 of 1st period - Shot Misses the Net.
16:38 of 1st period - Snap shot by Gabriel Landeskog.
16:38 of 1st period - Goal by Gabriel Landeskog - Kings : 1 - Golden Knights : 1.
16:39 of 1st period - Nathan MacKinnon wins face-off versus Matt Stajan in neutral zone.
16:42 of 1st period - Slapshot by Vitaly Vishnevsky.
16:42 of 1st period - Stopped by Ondrej Pavelec without a rebound.
16:43 of 1st period - Matt Stajan wins face-off versus Nathan MacKinnon in Golden Knights zone.
16:54 of 1st period - Snap shot by Shawn Matthias.
16:54 of 1st period - Shot Misses the Net.
16:56 of 1st period - Snap shot by Vladimir Zharkov.
16:56 of 1st period - Shot Misses the Net.
16:58 of 1st period - Snap shot by Michael Kostka.
16:58 of 1st period - Shot Misses the Net.
17:04 of 1st period - Minor Penalty to Vitaly Vishnevsky for High sticking.
17:05 of 1st period - Gustav Nyquist wins face-off versus Andrei Loktionov in Kings zone.
17:05 of 1st period - Gustav Nyquist is hit by Sergei Plotnikov.
17:31 of 1st period - Gustav Nyquist is hit by Zach Bogosian.
18:30 of 1st period - Gabriel Landeskog is hit by Matt Stajan and loses puck.
19:04 of 1st period - Penalty to Vitaly Vishnevsky is over, Vitaly Vishnevsky is back on ice.
19:11 of 1st period - Logan Couture is hit by Wayne Simmonds and loses puck.
Goals for this period are 1 for Kings vs 1 for Golden Knights.
Shots for this period are 9 for Kings vs 12 for Golden Knights.
2nd period
0:01 of 2nd period - Anze Kopitar wins face-off versus Matt Stajan in neutral zone.
0:04 of 2nd period - Wrist shot by Jordan Eberle.
0:04 of 2nd period - Deflect By Gabriel Landeskog.
0:04 of 2nd period - Shot Blocked by Wes O'Neill.
0:04 of 2nd period - Puck is out of play.
0:05 of 2nd period - Anze Kopitar wins face-off versus Matt Stajan in Golden Knights zone.
0:27 of 2nd period - Icing by Colton Parayko.
0:28 of 2nd period - Anze Kopitar wins face-off versus Michael Frolik in Kings zone.
1:05 of 2nd period - Zach Bogosian is hit by Jordan Eberle and loses puck.
1:17 of 2nd period - Off-side.
1:18 of 2nd period - Wayne Simmonds wins face-off versus Logan Couture in neutral zone.
1:23 of 2nd period - Snap shot by Wayne Simmonds.
1:23 of 2nd period - Shot Misses the Net.
1:25 of 2nd period - Slapshot by Chris Higgins.
1:25 of 2nd period - Shot Misses the Net.
1:33 of 2nd period - Snap shot by Chris Tierney.
1:33 of 2nd period - Stopped by Tuukka Rask without a rebound.
1:34 of 2nd period - Anze Kopitar wins face-off versus Andrei Loktionov in Kings zone.
2:01 of 2nd period - Eric Nystrom is hit by Matt Stajan and loses puck.
2:09 of 2nd period - Off-side.
2:10 of 2nd period - Anze Kopitar wins face-off versus Shawn Matthias in neutral zone.
2:13 of 2nd period - Slapshot by Travis Hamonic.
2:13 of 2nd period - Shot Misses the Net.
2:15 of 2nd period - Minor Penalty to Matt Stajan for Holding.
2:16 of 2nd period - Anze Kopitar wins face-off versus Chris Tierney in Golden Knights zone.
2:19 of 2nd period - Snap shot by Jordan Eberle.
2:19 of 2nd period - Deflect By Michael Kostka.
2:19 of 2nd period - Shot Misses the Net.
2:19 of 2nd period - Puck is out of play.
2:20 of 2nd period - Anze Kopitar wins face-off versus Chris Tierney in Golden Knights zone.
2:49 of 2nd period - Backhand shot by Jordan Eberle.
2:49 of 2nd period - Shot Misses the Net.
3:20 of 2nd period - Icing by Travis Hamonic.
3:21 of 2nd period - Anze Kopitar wins face-off versus Chris Tierney in Kings zone.
3:50 of 2nd period - Wayne Simmonds is hit by Colton Parayko and loses puck.
4:15 of 2nd period - Penalty to Matt Stajan is over, Matt Stajan is back on ice.
5:09 of 2nd period - Snap shot by Chris Tierney.
5:09 of 2nd period - Shot Misses the Net.
5:46 of 2nd period - Eric Nystrom is hit by Vladimir Zharkov and loses puck.
5:59 of 2nd period - Vladimir Mihalik is hit by Joni Pitkanen and loses puck.
7:13 of 2nd period - Jordan Eberle is hit by Ilya Kovalchuk and loses puck.
7:26 of 2nd period - Vladimir Mihalik is hit by Thomas Vanek and loses puck.
8:29 of 2nd period - Patrice Cormier is hit by Logan Couture and loses puck.
8:47 of 2nd period - Patrice Cormier is hit by Blake Wheeler and loses puck.
8:54 of 2nd period - Logan Couture is hit by Matt Stajan and loses puck.
8:59 of 2nd period - Slapshot by Vladimir Zharkov.
8:59 of 2nd period - Shot Misses the Net.
9:01 of 2nd period - Slapshot by Jared Cowen.
9:01 of 2nd period - Stopped by Tuukka Rask with a rebound.
9:03 of 2nd period - Slapshot by Wes O'Neill.
9:03 of 2nd period - Stopped by Tuukka Rask without a rebound.
9:04 of 2nd period - Jordan Eberle wins face-off versus Andrei Loktionov in Kings zone.
9:11 of 2nd period - Slapshot by Jordan Eberle.
9:11 of 2nd period - Shot Blocked by Andrei Loktionov.
10:24 of 2nd period - Wrist shot by Blake Wheeler.
10:24 of 2nd period - Stopped by Ondrej Pavelec with a rebound.
10:42 of 2nd period - Snap shot by Anze Kopitar.
10:42 of 2nd period - Stopped by Ondrej Pavelec without a rebound.
10:43 of 2nd period - Jordan Eberle wins face-off versus Shawn Matthias in Golden Knights zone.
10:44 of 2nd period - Slapshot by Anze Kopitar.
10:44 of 2nd period - Stopped by Ondrej Pavelec without a rebound.
10:45 of 2nd period - Anze Kopitar wins face-off versus Andrei Loktionov in Golden Knights zone.
10:58 of 2nd period - Slapshot by Michael Kostka.
10:58 of 2nd period - Stopped by Tuukka Rask with a rebound.
11:03 of 2nd period - Off-side.
11:04 of 2nd period - Logan Couture wins face-off versus Chris Tierney in neutral zone.
11:52 of 2nd period - Shawn Matthias is hit by Eric Nystrom and loses puck.
12:55 of 2nd period - Snap shot by Anze Kopitar.
12:55 of 2nd period - Stopped by Ondrej Pavelec without a rebound.
12:56 of 2nd period - Anze Kopitar wins face-off versus Andrei Loktionov in Golden Knights zone.
13:10 of 2nd period - Off-side.
13:11 of 2nd period - Anze Kopitar wins face-off versus Matt Stajan in neutral zone.
14:07 of 2nd period - Backhand shot by Steve Bernier.
14:07 of 2nd period - Stopped by Tuukka Rask with a rebound.
14:09 of 2nd period - Slapshot by Wes O'Neill.
14:09 of 2nd period - Stopped by Tuukka Rask with a rebound.
14:11 of 2nd period - Snap shot by Steve Bernier.
14:11 of 2nd period - Shot Blocked by Nathan MacKinnon.
14:56 of 2nd period - Ilya Kovalchuk is hit by Anze Kopitar and loses puck.
15:11 of 2nd period - Snap shot by Shawn Matthias.
15:11 of 2nd period - Stopped by Tuukka Rask without a rebound.
15:12 of 2nd period - Matt Stajan wins face-off versus Blake Wheeler in Kings zone.
15:13 of 2nd period - Slapshot by Zach Bogosian.
15:13 of 2nd period - Stopped by Tuukka Rask with a rebound.
15:31 of 2nd period - Chris Higgins is hit by Blake Wheeler and loses puck.
15:56 of 2nd period - Snap shot by Michael Frolik.
15:56 of 2nd period - Shot Blocked by Vitaly Vishnevsky.
15:58 of 2nd period - Minor Penalty to Vitaly Vishnevsky for Holding.
15:59 of 2nd period - Anze Kopitar wins face-off versus Andrei Loktionov in Kings zone.
16:36 of 2nd period - Wrist shot by Matt Stajan.
16:36 of 2nd period - Deflect By Thomas Vanek.
16:36 of 2nd period - Stopped by Tuukka Rask with a rebound.
17:36 of 2nd period - Travis Hamonic is hit by Sergei Plotnikov.
17:58 of 2nd period - Penalty to Vitaly Vishnevsky is over, Vitaly Vishnevsky is back on ice.
18:05 of 2nd period - Slapshot by Torey Krug.
18:05 of 2nd period - Stopped by Ondrej Pavelec without a rebound.
18:06 of 2nd period - Chris Tierney wins face-off versus Thomas Vanek in Golden Knights zone.
18:11 of 2nd period - Wrist shot by Logan Couture.
18:11 of 2nd period - Stopped by Ondrej Pavelec without a rebound.
18:12 of 2nd period - Chris Tierney wins face-off versus Anze Kopitar in Golden Knights zone.
19:00 of 2nd period - Icing by Michael Kostka.
19:01 of 2nd period - Andrei Loktionov wins face-off versus Nathan MacKinnon in Golden Knights zone.
19:01 of 2nd period - Andrei Loktionov is hit by Gustav Nyquist.
19:31 of 2nd period - Slapshot by Patrice Cormier.
19:31 of 2nd period - Stopped by Tuukka Rask without a rebound.
19:32 of 2nd period - Patrice Cormier wins face-off versus Anze Kopitar in Kings zone.
19:33 of 2nd period - Snap shot by Zach Bogosian.
19:33 of 2nd period - Deflect By Steve Bernier.
19:33 of 2nd period - Shot Blocked by Victor Hedman.
19:33 of 2nd period - Puck is out of play.
19:34 of 2nd period - Anze Kopitar wins face-off versus Patrice Cormier in Kings zone.
Goals for this period are 0 for Kings vs 0 for Golden Knights.
Shots for this period are 6 for Kings vs 10 for Golden Knights.
3rd period
0:01 of 3rd period - Andrei Loktionov wins face-off versus Anze Kopitar in neutral zone.
0:03 of 3rd period - Off-side.
0:04 of 3rd period - Andrei Loktionov wins face-off versus Anze Kopitar in neutral zone.
0:07 of 3rd period - Jordan Eberle is hit by Andrei Loktionov and loses puck.
0:20 of 3rd period - Slapshot by Travis Hamonic.
0:20 of 3rd period - Shot Blocked by Wes O'Neill.
0:22 of 3rd period - Minor Penalty to Andrei Loktionov for Hooking.
0:23 of 3rd period - Anze Kopitar wins face-off versus Chris Tierney in Golden Knights zone.
0:57 of 3rd period - Snap shot by Logan Couture.
0:57 of 3rd period - Deflect By Thomas Vanek.
0:57 of 3rd period - Stopped by Ondrej Pavelec with a rebound.
0:59 of 3rd period - Slapshot by Blake Wheeler.
0:59 of 3rd period - Shot Misses the Net.
1:01 of 3rd period - Slapshot by Logan Couture.
1:01 of 3rd period - Shot Misses the Net.
2:22 of 3rd period - Penalty to Andrei Loktionov is over, Andrei Loktionov is back on ice.
2:28 of 3rd period - Snap shot by Eric Nystrom.
2:28 of 3rd period - Stopped by Ondrej Pavelec without a rebound.
2:29 of 3rd period - Matt Stajan wins face-off versus Nathan MacKinnon in Golden Knights zone.
4:04 of 3rd period - Michael Frolik is hit by Sergey Kalinin and loses puck.
4:21 of 3rd period - Travis Hamonic is hit by Matt Stajan and loses puck.
5:02 of 3rd period - Snap shot by Eric Nystrom.
5:02 of 3rd period - Shot Misses the Net.
5:04 of 3rd period - Snap shot by David Pastrnak.
5:04 of 3rd period - Shot Blocked by Andrei Loktionov.
5:06 of 3rd period - Slapshot by Torey Krug.
5:06 of 3rd period - Shot Blocked by Ilya Kovalchuk.
5:08 of 3rd period - Slapshot by Torey Krug.
5:08 of 3rd period - Stopped by Ondrej Pavelec without a rebound.
5:09 of 3rd period - Sergey Kalinin wins face-off versus Chris Tierney in Golden Knights zone.
5:10 of 3rd period - Wrist shot by David Pastrnak.
5:10 of 3rd period - Shot Blocked by Jared Cowen.
5:15 of 3rd period - Icing by Jared Cowen.
5:16 of 3rd period - Chris Tierney wins face-off versus Anze Kopitar in Golden Knights zone.
5:16 of 3rd period - Chris Tierney is hit by Travis Hamonic.
5:30 of 3rd period - Slapshot by Wayne Simmonds.
5:30 of 3rd period - Stopped by Tuukka Rask with a rebound.
5:50 of 3rd period - Snap shot by Michael Frolik.
5:50 of 3rd period - Shot Misses the Net.
5:52 of 3rd period - Slapshot by Andrei Loktionov.
5:52 of 3rd period - Stopped by Tuukka Rask with a rebound.
5:54 of 3rd period - Snap shot by Michael Frolik.
5:54 of 3rd period - Shot Misses the Net.
5:56 of 3rd period - Wrist shot by Michael Frolik.
5:56 of 3rd period - Stopped by Tuukka Rask without a rebound.
5:57 of 3rd period - Matt Stajan wins face-off versus Anze Kopitar in Kings zone.
6:24 of 3rd period - Blake Wheeler is hit by Chris Higgins and loses puck.
6:41 of 3rd period - Minor Penalty to Mathew Dumba for Slashing.
6:42 of 3rd period - Chris Tierney wins face-off versus Anze Kopitar in Golden Knights zone.
6:42 of 3rd period - Chris Tierney is hit by Jordan Eberle.
8:32 of 3rd period - Colton Parayko is hit by Chris Tierney and loses puck.
8:41 of 3rd period - Penalty to Mathew Dumba is over, Mathew Dumba is back on ice.
8:47 of 3rd period - Wrist shot by Gustav Nyquist.
8:47 of 3rd period - Goal by Gustav Nyquist - Kings : 2 - Golden Knights : 1.
8:48 of 3rd period - Nathan MacKinnon wins face-off versus Matt Stajan in neutral zone.
8:51 of 3rd period - Snap shot by Gustav Nyquist.
8:51 of 3rd period - Stopped by Ondrej Pavelec with a rebound.
9:01 of 3rd period - Slapshot by Zach Bogosian.
9:01 of 3rd period - Stopped by Tuukka Rask with a rebound.
9:09 of 3rd period - Minor Penalty to Gustav Nyquist for Hooking.
9:10 of 3rd period - Matt Stajan wins face-off versus Anze Kopitar in Kings zone.
9:21 of 3rd period - Backhand shot by Matt Stajan.
9:21 of 3rd period - Shot Misses the Net.
9:23 of 3rd period - Snap shot by Vladimir Zharkov.
9:23 of 3rd period - Stopped by Tuukka Rask without a rebound.
9:24 of 3rd period - Anze Kopitar wins face-off versus Andrei Loktionov in Kings zone.
9:37 of 3rd period - Slapshot by Zach Bogosian.
9:37 of 3rd period - Stopped by Tuukka Rask with a rebound.
10:18 of 3rd period - Anze Kopitar is hit by Jared Cowen and loses puck.
11:09 of 3rd period - Penalty to Gustav Nyquist is over, Gustav Nyquist is back on ice.
11:26 of 3rd period - Snap shot by Logan Couture.
11:26 of 3rd period - Stopped by Ondrej Pavelec with a rebound.
11:32 of 3rd period - Wrist shot by Blake Wheeler.
11:32 of 3rd period - Shot Misses the Net.
11:50 of 3rd period - Jared Cowen is hit by Nathan MacKinnon and loses puck.
12:18 of 3rd period - Backhand shot by Gustav Nyquist.
12:18 of 3rd period - Stopped by Ondrej Pavelec with a rebound.
12:20 of 3rd period - Wrist shot by Gustav Nyquist.
12:20 of 3rd period - Stopped by Ondrej Pavelec with a rebound.
12:22 of 3rd period - Wrist shot by Vitaly Vishnevsky.
12:22 of 3rd period - Stopped by Ondrej Pavelec with a rebound.
12:32 of 3rd period - Snap shot by Gustav Nyquist.
12:32 of 3rd period - Stopped by Ondrej Pavelec without a rebound.
12:33 of 3rd period - Anze Kopitar wins face-off versus Andrei Loktionov in Golden Knights zone.
12:42 of 3rd period - Wrist shot by Jordan Eberle.
12:42 of 3rd period - Stopped by Ondrej Pavelec with a rebound.
12:50 of 3rd period - Wrist shot by Jordan Eberle.
12:50 of 3rd period - Shot Blocked by Mathew Dumba.
12:56 of 3rd period - Minor Penalty to Zach Bogosian for Holding.
12:57 of 3rd period - Anze Kopitar wins face-off versus Chris Tierney in Golden Knights zone.
13:06 of 3rd period - Slapshot by Anze Kopitar.
13:06 of 3rd period - Shot Misses the Net.
13:08 of 3rd period - Wrist shot by Colton Parayko.
13:08 of 3rd period - Stopped by Ondrej Pavelec without a rebound.
13:09 of 3rd period - Anze Kopitar wins face-off versus Chris Tierney in Golden Knights zone.
13:48 of 3rd period - Wayne Simmonds is hit by Blake Wheeler and loses puck.
14:13 of 3rd period - Michael Kostka is hit by Blake Wheeler and loses puck.
14:56 of 3rd period - Penalty to Zach Bogosian is over, Zach Bogosian is back on ice.
15:17 of 3rd period - Gustav Nyquist is hit by Patrice Cormier and loses puck.
15:24 of 3rd period - Vitaly Vishnevsky is hit by Patrice Cormier and loses puck.
15:29 of 3rd period - Slapshot by Wayne Simmonds.
15:29 of 3rd period - Shot Misses the Net.
15:31 of 3rd period - Slapshot by Michael Kostka.
15:31 of 3rd period - Shot Blocked by Torey Krug.
15:35 of 3rd period - Snap shot by Wayne Simmonds.
15:35 of 3rd period - Stopped by Tuukka Rask without a rebound.
15:36 of 3rd period - Matt Stajan wins face-off versus Sergey Kalinin in Kings zone.
16:25 of 3rd period - Slapshot by Wes O'Neill.
16:25 of 3rd period - Deflect By Matt Stajan.
16:25 of 3rd period - Shot Blocked by Vitaly Vishnevsky.
16:25 of 3rd period - Puck is out of play.
16:26 of 3rd period - Logan Couture wins face-off versus Matt Stajan in Kings zone.
16:41 of 3rd period - Snap shot by Thomas Vanek.
16:41 of 3rd period - Stopped by Ondrej Pavelec with a rebound.
16:43 of 3rd period - Minor Penalty to Shawn Matthias for High sticking.
16:44 of 3rd period - Chris Tierney wins face-off versus Anze Kopitar in Golden Knights zone.
16:58 of 3rd period - Wrist shot by Anze Kopitar.
16:58 of 3rd period - Stopped by Ondrej Pavelec without a rebound.
16:59 of 3rd period - Chris Tierney wins face-off versus Anze Kopitar in Golden Knights zone.
17:08 of 3rd period - Slapshot by Colton Parayko.
17:08 of 3rd period - Deflect By Jordan Eberle.
17:08 of 3rd period - Stopped by Ondrej Pavelec without a rebound.
17:09 of 3rd period - Patrice Cormier wins face-off versus Anze Kopitar in Golden Knights zone.
17:30 of 3rd period - Snap shot by Anze Kopitar.
17:30 of 3rd period - Stopped by Ondrej Pavelec with a rebound.
18:08 of 3rd period - Snap shot by Travis Hamonic.
18:08 of 3rd period - Deflect By Blake Wheeler.
18:08 of 3rd period - Shot Misses the Net.
18:08 of 3rd period - Puck is out of play.
18:09 of 3rd period - Patrice Cormier wins face-off versus Logan Couture in Golden Knights zone.
18:15 of 3rd period - Icing by Logan Couture.
18:16 of 3rd period - Logan Couture wins face-off versus Chris Tierney in Kings zone.
18:43 of 3rd period - Penalty to Shawn Matthias is over, Shawn Matthias is back on ice.
19:15 of 3rd period - Golden Knights, Ondrej Pavelec is pulled from the net.
19:19 of 3rd period - Snap shot by Michael Frolik.
19:19 of 3rd period - Shot Blocked by Joni Pitkanen.
19:21 of 3rd period - Snap shot by Mathew Dumba.
19:21 of 3rd period - Shot Blocked by Logan Couture.
19:23 of 3rd period - Slapshot by Mathew Dumba.
19:23 of 3rd period - Shot Misses the Net.
19:31 of 3rd period - Wrist shot by Michael Frolik.
19:31 of 3rd period - Stopped by Tuukka Rask with a rebound.
19:33 of 3rd period - Wrist shot by Mathew Dumba.
19:33 of 3rd period - Shot Misses the Net.
19:35 of 3rd period - Wrist shot by Sergei Plotnikov.
19:35 of 3rd period - Shot Blocked by Victor Hedman.
19:37 of 3rd period - Snap shot by Mathew Dumba.
19:37 of 3rd period - Stopped by Tuukka Rask without a rebound.
19:38 of 3rd period - Guy Boucher call a timeout for Golden Knights.
19:38 of 3rd period - Anze Kopitar wins face-off versus Andrei Loktionov in Kings zone.
19:47 of 3rd period - Wrist shot by Michael Frolik.
19:47 of 3rd period - Stopped by Tuukka Rask without a rebound.
19:48 of 3rd period - Andrei Loktionov wins face-off versus Jordan Eberle in Kings zone.
19:58 of 3rd period - Minor Penalty to Travis Hamonic for Tripping.
19:59 of 3rd period - Matt Stajan wins face-off versus Jordan Eberle in Kings zone.
Goals for this period are 1 for Kings vs 0 for Golden Knights.
Shots for this period are 16 for Kings vs 10 for Golden Knights.